 Dungeon Crawl Stone Soup version 0.26-a0-737-g4e9f4955e2 (webtiles) character file.

Game seed: 6719322809341937715

1670304 ringo67 the Intangible (level 27, 239/245 HPs)
             Began as a Merfolk Gladiator on Nov 4, 2020.
             Was the Champion of Ashenzari.
             Escaped with the Orb
             ... and 3 runes on Nov 5, 2020!
             The game lasted 03:33:17 (73958 turns).

ringo67 the Intangible (Merfolk Gladiator)         Turns: 73958, Time: 03:33:17

Health: 239/245    AC: 32    Str: 30    XL:     27
Magic:  45/45      EV: 29    Int: 14    God:    Ashenzari [******]
Gold:   2700       SH: 25    Dex: 18    Spells: 24/45 levels left

rFire    + + +     SeeInvis +   a - +9 broad axe (vamp) (curse)
rCold    . . .     Faith    .   s - +5 kite shield of Crawling {Dex+2} (curse)
rNeg     . . .     Spirit   .   U - +6 chain mail of Death's Door {rElec MR+++ Int-2 SInv} (curse)
rPois    .         Reflect  +   O - +2 helmet {SInv} (curse)
rElec    +         Harm     .   j - +1 cloak of the Meadowlark {Regen+ rCorr Int+4} (curse)
rCorr    +         Rampage  .   P - +2 pair of gloves {Str+3} (curse)
MR       +++++     Clarity  +   i - +2 pair of boots {run} (curse)
Stlth    ..........             Q - amulet "Qopneseu" {Reflect rF+ Str+3 SH+5} (curse)
HPRegen  0.90/turn              h - ring of protection from fire (curse)
MPRegen  0.29/turn              R - ring "Vuage" {MP+9 Str+2 Dex+2 Slay+3} (curse)

@: glowing, quick
A: change form in water, swift swim, stealthy swim, blink, clumsy 1, deformed
body, deterioration 1, fire resistance 1, shaggy fur 1
0: Orb of Zot
}: 3/15 runes: decaying, serpentine, silver
a: Blink, Curse Item, Scrying, Transfer Knowledge, Renounce Religion


You escaped.
You worshipped Ashenzari.
Ashenzari was exalted by your worship.
You visited 10 branches of the dungeon, and saw 50 of its levels.
You visited the Abyss 1 time.
You also visited: Ossuary, Gauntlet and Ice Cave.

You collected 8034 gold pieces.
You spent 5334 gold pieces at shops.

Inventory:

Hand Weapons
 a - a cursed +9 vampiric broad axe (weapon)
 K - the +11 morningstar "Kubyin" {antimagic, Dex+4}
   (You found it on level 4 of the Depths)

   It reduces the magical energy of the wielder, and disrupts the spells and
   magical abilities of those hit.
   Natural abilities and divine invocations are not affected.
   It affects your dexterity (+4).
Missiles
 d - 4 throwing nets
 g - 109 poisoned darts
 Y - 28 silver javelins (quivered)
Armour
 i - a cursed +2 pair of boots of running (worn)
 j - the cursed +1 cloak of the Meadowlark (worn) {Regen+ rCorr Int+4}
   (You found it on level 15 of the Dungeon)

   It affects your intelligence (+4).
   It increases your rate of regeneration.
   It provides partial protection from all sources of acid and corrosion.
   It has a curse placed upon it.
 s - the cursed +5 kite shield of Crawling (worn) {Dex+2}
   (You bought it in a shop on level 2 of the Orcish Mines)

   It affects your dexterity (+2).
   It has a curse placed upon it.
 O - a cursed +2 helmet of see invisible (worn)
 P - a cursed +2 pair of gloves of strength (worn)
 U - the cursed +6 chain mail of Death's Door (worn) {rElec MR+++ Int-2 SInv}
   (You took it off a vault warden on level 5 of the Vaults)

   It affects your intelligence (-2).
   It insulates you from electricity.
   It affects your resistance to hostile enchantments.
   It lets you see invisible.
   It has a curse placed upon it.
Jewellery
 b - an uncursed ring of magical power
 h - a cursed ring of protection from fire (left hand)
 v - the ring of Adukku {rN+ Int+5 Dex+3}
   (You found it on level 9 of the Dungeon)

   [ring of positive energy]

   It affects your intelligence (+5).
   It affects your dexterity (+3).
   It protects you from negative energy.
 x - an uncursed ring of protection from cold
 Q - the cursed amulet "Qopneseu" (around neck) {Reflect rF+ Str+3 SH+5}
   (You bought it in a shop on level 2 of the Depths)

   [amulet of reflection]

   It shields you and reflects attacks.
   It affects your strength (+3).
   It protects you from fire.
   It affects your SH (+5).
   It has a curse placed upon it.
 R - the cursed ring "Vuage" (right hand) {MP+9 Str+2 Dex+2 Slay+3}
   (You found it on level 7 of the Dungeon)

   [ring of magical power]

   It affects your strength (+2).
   It affects your dexterity (+2).
   It affects your accuracy and damage with ranged weapons and melee attacks
   (+3).
   It affects your magic capacity (+9).
   It has a curse placed upon it.
 W - a +4 ring of protection
Wands
 l - a wand of polymorph (6)
 p - a wand of acid (28)
 y - a wand of digging (14)
 F - a wand of disintegration (19)
 I - a wand of flame (120)
 M - a wand of enslavement (24)
 Z - a wand of paralysis (45)
Scrolls
 c - 37 scrolls of identify
 f - 14 scrolls of fog
 k - 9 scrolls of enchant armour
 m - 7 scrolls of magic mapping
 n - 23 scrolls of teleportation
 r - 15 scrolls of remove curse
 t - 18 scrolls of amnesia
 u - 5 scrolls of holy word
 B - 4 scrolls of blinking
 H - 14 scrolls of fear
 S - 3 scrolls of silence
 V - 7 scrolls of vulnerability
Potions
 e - 2 potions of cancellation
 o - 11 potions of ambrosia
 q - 10 potions of brilliance
 w - 5 potions of heal wounds
 z - 5 potions of berserk rage
 A - 20 potions of curing
 D - 6 potions of resistance
 E - 7 potions of invisibility
 G - 7 potions of haste
 L - 4 potions of mutation
 N - 4 potions of magic
 T - 8 potions of might
 X - 10 potions of lignification
Miscellaneous
 C - a condenser vane (2/2)


   Skills:
 + Level 26.0 Fighting
 - Level 16.0(20.0) Axes
   Level 4.8(17.4) Polearms
 + Level 16.1 Throwing
 + Level 14.2(19.5) Armour
 O Level 27 Dodging
 - Level 12.3(15.0) Shields
 - Level 9.6 Spellcasting
 - Level 1.0(3.5) Summonings
 - Level 3.0(6.8) Translocations
 - Level 14.6(18.6) Ice Magic
 - Level 11.1(15.3) Evocations


You had 24 spell levels left.
You knew the following spells:

 Your Spells              Type           Power        Failure   Level
a - Frozen Ramparts       Ice            ######       1%          3
b - Call Imp              Summ           ###.....     11%         2
c - Blink                 Tloc           N/A          2%          2
d - Ozocubu's Armour      Ice            ######..     1%          3
e - Absolute Zero         Ice            ######....   100%        9
f - Passwall              Tmut/Erth      #.......     32%         2

Your spell library contained the following spells:

 Spells                   Type           Power        Failure   Level
 Freeze                   Ice            ####         0%          1
 Apportation              Tloc           ####..       1%          1
 Ensorcelled Hibernation  Hex/Ice        ####..       1%          2
 Summon Ice Beast         Ice/Summ       #####...     3%          4
 Gell's Gravitas          Tloc           ####......   5%          3
 Lesser Beckoning         Tloc           ####......   5%          3
 Teleport Other           Tloc           ####....     5%          3
 Hailstorm                Conj/Ice       ####....     5%          4
 Ice Form                 Ice/Tmut       ####....     5%          4
 Summon Small Mammal      Summ           ###.         7%          1
 Metabolic Englaciation   Hex/Ice        ####......   16%         5
 Passage of Golubria      Tloc           N/A          17%         4
 Portal Projectile        Hex/Tloc       ###...       19%         3
 Beastly Appendage        Tmut           #.....       22%         1
 Corona                   Hex            #......      22%         1
 Magic Dart               Conj           #...         22%         1
 Pain                     Necr           #...         22%         1
 Sandblast                Erth           #.....       22%         1
 Shock                    Conj/Air       #...         22%         1
 Sting                    Tmut/Pois      #...         22%         1
 Call Canine Familiar     Summ           ###.....     22%         3
 Poisonous Vapours        Pois/Air       #.....       32%         2
 Slow                     Hex            #.......     32%         2
 Swiftness                Air            #.......     32%         2
 Wereblood                Tmut           #.......     32%         2
 Summon Guardian Golem    Hex/Summ       ##......     36%         3
 Confusing Touch          Hex            #.......     54%         3
 Conjure Flame            Conj/Fire      #.......     54%         3
 Dazzling Flash           Conj/Hex       #.....       54%         3
 Ignite Poison            Fire/Tmut/Pois #.......     54%         3
 Inner Flame              Hex/Fire       #.......     54%         3
 Mephitic Cloud           Conj/Pois/Air  #.......     54%         3
 Static Discharge         Conj/Air       #.......     54%         3
 Stone Arrow              Conj/Erth      #.....       54%         3
 Tukima's Dance           Hex            #.......     54%         3
 Simulacrum               Ice/Necr       ####......   65%         6
 Summon Forest            Summ/Tloc      ###.......   67%         5
 Summon Lightning Spire   Summ/Air       ##......     77%         4
 Summon Demon             Summ           ###.......   89%         5
 Airstrike                Air            #.........   91%         4
 Animate Dead             Necr           #.........   91%         4
 Cause Fear               Hex            #.........   91%         4
 Leda's Liquefaction      Hex/Erth       #.........   91%         4
 Olgreb's Toxic Radiance  Pois           #.......     91%         4
 Petrify                  Tmut/Erth      #.......     91%         4
 Freezing Cloud           Conj/Ice/Air   ####......   96%         6
 Summon Mana Viper        Hex/Summ       ##......     98%         5
 Alistair's Intoxication  Tmut/Pois      #........    99%         5
 Bolt of Magma            Conj/Fire/Erth #.........   99%         5
 Irradiate                Conj/Tmut      #.........   99%         5
 Lightning Bolt           Conj/Air       #.........   99%         5
 Silence                  Hex/Air        #.........   99%         5
 Yara's Violent Unravell  Hex/Tmut       #.........   99%         5
 Conjure Ball Lightning   Conj/Air       #.........   100%        6
 Eringya's Noxious Bog    Tmut/Pois      #.........   100%        6
 Hydra Form               Tmut           #.........   100%        6
 Invisibility             Hex            #.......     100%        6
 Iron Shot                Conj/Erth      #.........   100%        6
 Shadow Creatures         Summ           N/A          100%        6
 Statue Form              Tmut/Erth      #........    100%        6
 Dragon Form              Tmut           #.........   100%        7
 Haunt                    Necr/Summ      ##........   100%        7
 Summon Hydra             Summ           ###.......   100%        7
 Borgnjor's Revivificati  Necr           #.........   100%        8
 Chain Lightning          Conj/Air       #.........   100%        8
 Infestation              Necr           #.........   100%        8
 Lehudib's Crystal Spear  Conj/Erth      #.........   100%        8
 Necromutation            Tmut/Necr      #.........   100%        8
 Death's Door             Necr           #.........   100%        9
 Fire Storm               Conj/Fire      #.........   100%        9
 Shatter                  Erth           #.........   100%        9
 Tornado                  Air            #.........   100%        9


Dungeon Overview and Level Annotations

Branches:
Dungeon (15/15)            Temple (1/1) D:4            Lair (6/6) D:8
  Swamp (4/4) Lair:4        Snake (4/4) Lair:4        Slime (0/5) Lair:6
    Orc (2/2) D:10            Elf (3/3) Orc:2        Vaults (5/5) D:14
  Crypt (0/3) Vaults:2     Depths (5/5) D:15            Zot (5/5) Depths:5
Ossuary (visited)           IceCv (visited)         Gauntlet (visited)

Altars:
Ashenzari
Cheibriados
Dithmenos
Elyvilon
Fedhas
Gozag
Hepliaklqana
Kikubaaqudgha
Makhleb
Nemelex Xobeh
Okawaru
Qazlal
Ru
Sif Muna
Trog
Uskayaw
Vehumet
Wu Jian
Xom
Yredelemnul
Zin
The Shining One
Jiyva

Shops:
D:7 =?   D:8 [   D:12 ***(?   Orc:2 :![:   Elf:1 (   Elf:2 *   Snake:3 (!
Snake:4 }   Vaults:2 }   Vaults:4 (   Depths:2 }=}   Depths:5 *

Portals:
Hell: Depths:1 Depths:2 Depths:3 Depths:4 Depths:5
Abyss: Depths:4 Depths:5
Pandemonium: Depths:3
Ziggurat: Depths:5
Trove: Elf:1 (give 6 scrolls of blinking)

Annotations:
D:7 HilariousDeathArtist's ghost, novice HOBr
Swamp:2 Kirke
Swamp:3 3 runed translucent doors, Iruic's ghost, adept OgFi
Elf:2 5 runed translucent doors


Innate Abilities, Weirdness & Mutations

You revert to your normal form in water.
You are very nimble and swift while swimming.
You are very stealthy in the water. (Stealth+)
You can translocate small distances at will.
You are clumsy. (Dex -2)
Armour fits poorly on your strangely shaped body.
Your body sometimes deteriorates upon taking damage.
Your flesh is heat resistant. (rF+)
You are covered in fur. (AC +1)


Message History

(Z) Zot
Where to? (Enter - D:1, ? - help)
There is a stone staircase leading up here.
You climb upwards.
There is a stone staircase leading down here.
You see here a +0 dagger.
You sense a monster nearby.
A daeva comes into view.
It is wielding a +2 scimitar of holy wrath.
The daeva shouts!
The daeva calls down the wrath of the Shining One upon you.
The Shining One smites you!
There is an open door here.
You see here 25 sling bullets.
There is a staircase leading out of the dungeon here.
Your legs become a tail as you enter the water.
Your cursed +2 pair of boots of running melds into your body.
Your cursed +2 pair of boots of running unmelds from your body.
You feel quick.
There is a staircase leading out of the dungeon here.
You have escaped!

########## ##...###.##.##
#........## ##.#.#.##.##.##
#.###.....# ##.##.##.#......
#.#.......# ###.###.###.#.....
###.#.#.....####.A.###......#..##
...........##..#'#...#####.#.#.#
###.#.###.....##.###...##.####.##
###.#.#######.#♣(≈P#...#.## #...#
.....#.# #.'.@≈P#....## #...#
.##.#.## ###♣.≈P#...## #...#
.##.############(###...# #....
....# #.......#+###A########..>.
.#.## #.....###..##.............
>##.## #.......##.##..#..........
..##.# #.....#.##.##)............
#.#.## #...(.#.##.#....####.#....
...## ####.......##.#.# #.#...#


You could see a daeva.

Vanquished Creatures
  4 orbs of fire
  3 ancient liches
  A juggernaut (Zot:5)
  9 Killer Klowns
  Sojobo (Vaults:3)
  Frederick (Depths:4)
  A shard shrike (Zot:5)
  The ghost of Worod the Hoplite, a veteran FoFi of Nemelex Xobeh (Depths:5)
  Bai Suzhen (Vaults:4)
  4 curse toes
  9 golden dragons
  The ghost of timneilson the Peltast, a veteran GrFi of Okawaru (Depths:5)
  6 electric golems
  An iron giant (Depths:5)
  Rupert (D:12)
  4 liches
  Jorgrun (Swamp:3)
  21 tentacled monstrosities
  29 Orb Guardians
  The ghost of Zeph the Severer, an adept NaFi of Cheibriados (Depths:5)
  5 titans
  2 deep elf master archers (Elf:3)
  7 quicksilver dragons
  A deep elf blademaster (Elf:3)
  An Executioner (Depths:3)
  11 death cobs
  A thorn hunter (Swamp:1)
  4 sphinxes
  15 storm dragons
  9 tengu reavers
  Roxanne (Snake:3)
  9 shadow dragons
  4 draconian monks
  6 nagarajas (Snake:4)
  3 ghost moths
  12 frost giants
  15 vault wardens
  7 fire giants
  3 iron dragons
  4 draconian knights
  3 deep elf sorcerers
  An orc warlord (Vaults:5)
  4 deep elf elementalists
  3 draconian scorchers
  3 draconian annihilators
  3 draconian stormcallers
  Aizul (Snake:2)
  6 draconian shifters
  3 war gargoyles
  22 very ugly things
  13 ironheart preservers
  18 stone giants
  8 black draconians
  10 green draconians
  3 entropy weavers
  4 vampire knights
  8 deep elf demonologists
  8 white draconians
  12 purple draconians
  10 deep elf annihilators
  14 red draconians
  A bunyip (shapeshifter) (Vaults:5)
  15 yellow draconians
  11 spark wasps
  A minotaur (Gauntlet)
  3 bunyips
  3 blizzard demons
  11 deep elf death magi
  4 eleionomae
  3 deep elf high priests
  19 fire dragons
  19 yaktaur captains
  15 ettins
  14 ice dragons
  6 great orbs of eyes
  32 vault guards
  16 boulder beetles
  Harold (D:7)
  4 spriggan air magi
  4 rakshasas
  18 naga warriors
  Erolcha (D:12)
  10 anacondas
  2 ghost crabs (Swamp:1)
  14 hydras
  A catoblepas (Lair:6)
  4 centaur warriors
  6 alligators
  An anaconda (shapeshifter) (Depths:3)
  Erica (D:10)
  2 tengu warriors
  2 death knights
  12 ogre magi
  24 two-headed ogres
  16 dancing weapons
  A shock serpent (shapeshifter) (Depths:2)
  11 deep troll shamans
  5 orc high priests (Orc:2)
  12 deep troll earth magi
  5 goliath frogs
  3 large abominations (Vaults:5)
  8 naga sharpshooters
  9 shock serpents
  5 vampire magi
  Nergalle (Lair:4)
  A spriggan berserker (Depths:5)
  17 deep elf knights
  3 salamander mystics
  A fire crab (Swamp:4)
  A fire crab (shapeshifter) (Depths:2)
  4 skeletal warriors (Vaults:2)
  2 spriggan druids (Swamp:4)
  2 iron trolls (Depths:5)
  8 sea snakes (Snake:4)
  2 shadow wraiths
  13 hell knights
  A death drake (shapeshifter) (Elf:3)
  A sixfirhy (Gauntlet)
  3 unseen horrors
  5 bog bodies
  9 wizards
  2 flayed ghosts
  22 deep trolls
  6 lindwurms
  2 unseen horrors (shapeshifter)
  6 phantasmal warriors
  6 swamp dragons (Swamp:4)
  Pikel (D:6)
  6 glowing orange brains
  10 naga ritualists
  A swamp dragon (shapeshifter) (Depths:2)
  18 ironbrand convokers
  55 deep elf magi
  A frost giant zombie (Vaults:5)
  4 harpies (Vaults:1)
  2 tengu skeletons (Vaults:2)
  7 wolf spiders
  6 necromancers
  17 orc knights
  A small abomination (Vaults:5)
  12 deep elf archers
  12 mana vipers
  A salamander (shapeshifter) (Depths:1)
  5 orc sorcerers
  A will-o-the-wisp (Swamp:4)
  44 ugly things
  2 manticores
  6 cyclopes
  14 salamanders
  21 naga magi
  2 stone giant skeletons
  31 moths of wrath
  14 elephants
  A black mamba (shapeshifter) (D:15)
  6 ice statues
  2 molten gargoyles (Lair:6)
  A gargoyle (D:11)
  22 vault sentinels
  2 torpor snails
  Joseph (D:9)
  9 guardian serpents
  A guardian serpent (shapeshifter) (Vaults:5)
  2 cane toads (shapeshifter)
  2 water nymphs (shapeshifter)
  39 black mambas
  11 cane toads
  5 spectral swamp worms (Depths:4)
  2 rime drakes (shapeshifter)
  A komodo dragon (shapeshifter) (Depths:3)
  11 komodo dragons
  3 yaktaurs (shapeshifter)
  3 rime drakes
  2 efreet
  A spriggan skeleton (Depths:2)
  4 anaconda simulacra (IceCv)
  73 yaktaurs
  11 freezing wraiths
  10 human skeletons (Vaults:2)
  2 guardian mummies (Elf:1)
  10 ice devils
  3 polar bears
  5 tengu conjurers
  6 trolls
  8 tyrant leeches
  A queen bee (Lair:1)
  18 blink frogs
  A jumping spider (shapeshifter) (Vaults:5)
  A tengu simulacrum (Vaults:2)
  A sphinx simulacrum (Depths:2)
  12 hornets
  A dream sheep (shapeshifter) (Vaults:5)
  A spriggan zombie (Depths:2)
  A harpy skeleton (D:15)
  42 slime creatures
  2 centaur simulacra (Gauntlet)
  A shadow (D:13)
  4 redbacks (Vaults:5)
  2 tarantellas (shapeshifter)
  5 air elementals
  A wraith (D:10)
  8 spriggans
  8 wyverns
  A vampire (D:15)
  A wyvern (shapeshifter) (Vaults:1)
  6 water elementals
  6 hogs (Swamp:3)
  9 basilisks
  An ettin skeleton (Vaults:5)
  4 fire elementals
  A human (shapeshifter) (Vaults:5)
  53 yaks
  A golden eye (shapeshifter) (D:15)
  A hog (shapeshifter) (Depths:1)
  18 humans (D:14)
  8 steam dragons
  8 wargs
  A naga (shapeshifter) (Depths:2)
  9 vampire mosquitoes
  9 swamp worms
  3 harpy simulacra (IceCv)
  A swamp worm (shapeshifter) (Vaults:3)
  54 nagas
  An acid dragon (shapeshifter) (Vaults:5)
  A soldier ant (shapeshifter) (D:15)
  3 acid dragons
  An iron troll simulacrum (IceCv)
  5 hell hounds (Lair:6)
  10 water moccasins
  A soldier ant (D:14)
  2 hydra simulacra (IceCv)
  Duvessa (D:7)
  46 orc warriors
  An ice beast (shapeshifter) (Vaults:3)
  7 sky beasts
  A meliai simulacrum (D:15)
  11 swamp drakes
  3 black bears
  3 black bears (shapeshifter)
  9 ice beasts
  2 necrophages
  3 phantoms
  10 boggarts
  3 eyes of draining
  24 ogres
  22 wolves
  10 centaurs
  3 lemures (D:5)
  An elf skeleton (Vaults:2)
  A big kobold (D:13)
  20 bullfrogs
  6 gnoll sergeants
  An earth elemental (Elf:1)
  14 scorpions
  5 wyvern skeletons
  Dowan (D:7)
  A water moccasin skeleton (D:9)
  An elf simulacrum (Vaults:3)
  14 wights
  48 killer bees
  3 electric eels (Lair:4)
  3 howler monkeys
  4 lava snakes (Lair:6)
  4 centaur zombies
  2 bullfrog zombies (D:9)
  2 human simulacra
  29 orc priests
  9 hounds
  3 human zombies
  3 bullfrog skeletons
  A water moccasin simulacrum (D:8)
  8 centaur skeletons
  5 gnoll shamans
  3 jellies
  6 hell rats (Lair:6)
  4 iguanas
  29 orc wizards
  8 worker ants
  3 big kobold zombies (Ossuary)
  2 hound zombies
  A hound skeleton (D:4)
  3 mummies (Ossuary)
  A worker ant zombie (D:6)
  A howler monkey skeleton (D:7)
  4 scorpion zombies (Ossuary)
  30 gnolls
  14 adders
  A shadow imp (D:9)
  8 white imps
  5 ufetubi
  An ooze (D:1)
  2 adder skeletons (D:4)
  3 worms
  2 dart slugs
  4 leopard geckos
  104 orcs
  3 giant cockroaches
  13 goblins
  8 hobgoblins
  6 jackals
  5 quokkas
  11 bats
  3 frilled lizards
  2 gnoll zombies (Ossuary)
  2 goblin zombies (Ossuary)
  2 hobgoblin zombies (Ossuary)
  A jackal skeleton (D:4)
  21 kobolds
  A kobold zombie (Ossuary)
  A leopard gecko zombie (D:8)
  A quokka skeleton (D:6)
  9 rats
  6 crawling corpses
2414 creatures vanquished.

Vanquished Creatures (collateral kills)
  An ancient lich (Depths:3)
  A fire elemental (Swamp:4)
  A lava snake (Swamp:4)
  2 orcs (Orc:1)
5 creatures vanquished.

Vanquished Creatures (others)
  Nikola (Swamp:3)
  A golden dragon (Zot:5)
  A deep elf blademaster (Elf:3)
  A lich (Depths:2)
  A fire giant (Vaults:3)
  A draconian knight (Zot:3)
  A ghost moth (Zot:5)
  A red draconian (Zot:3)
  A vault guard (Vaults:3)
  A hydra (Swamp:4)
  An ogre mage (Vaults:2)
  A deep troll (Depths:2)
  A glowing orange brain (Vaults:3)
  A swamp dragon (Swamp:4)
  2 will-o-the-wisps
  A deep elf mage (Elf:3)
  A guardian serpent (Snake:4)
  A hornet (Swamp:1)
  2 bloated husks
  2 steam dragons (Swamp:4)
  A naga (Snake:4)
  2 swamp worms
  An ice beast (Depths:1)
  2 swamp drakes (Swamp:4)
  A boggart (shapeshifter) (Vaults:5)
  A scorpion (Ossuary)
  An orc (Orc:1)
  A goblin zombie (Ossuary)
  A bush (Depths:2)
  A crawling corpse (Elf:3)
  12 foxfires
  21 fungi
  39 plants
107 creatures vanquished.

Grand Total: 2526 creatures vanquished

Notes
Turn   | Place    | Note
-------+----------+-------------------------------------------
     0 | D:1      | ringo67 the Merfolk Gladiator began the quest for the Orb.
     0 | D:1      | Reached XP level 1. HP: 16/16 MP: 1/1
   154 | D:1      | Reached XP level 2. HP: 18/23 MP: 2/2
   405 | D:1      | Reached skill level 5 in Polearms
   551 | D:1      | Reached XP level 3. HP: 26/28 MP: 3/3
  1449 | D:2      | Reached XP level 4. HP: 35/35 MP: 4/4
  1479 | D:2      | Found an ancient bone altar of Kikubaaqudgha.
  1483 | D:2      | Found a shimmering blue altar of Sif Muna.
  1485 | D:2      | Found a radiant altar of Vehumet.
  1489 | D:2      | Identified Vehumet's Guide on Conjuration
  2357 | D:3      | Reached XP level 5. HP: 41/41 MP: 5/5
  2523 | D:3      | Reached skill level 5 in Dodging
  2871 | D:4      | Got a crude dagger
  2872 | D:4      | Identified the +8 dagger of Iruum {venom, *Rage rC+ rN+}
                  | (You found it on level 4 of the Dungeon)
  3071 | D:4      | Found a staircase to the Ecumenical Temple.
  3090 | Temple   | Entered the Ecumenical Temple
  3272 | Temple   | Became a worshipper of Ashenzari the Shackled
  3401 | D:4      | Reached XP level 6. HP: 48/48 MP: 6/6
  3448 | D:4      | Noticed a sky beast
  3453 | D:4      | Killed a sky beast
  3453 | D:4      | Reached skill level 6 in Dodging
  3712 | D:4      | Reached skill level 5 in Fighting
  3716 | D:4      | Reached XP level 7. HP: 56/56 MP: 7/7
  3722 | D:4      | Found a broken altar of Ashenzari.
  3949 | D:5      | Entered Level 5 of the Dungeon
  3957 | D:5      | Reached skill level 7 in Dodging
  4369 | D:5      | Reached skill level 1 in Evocations
  4566 | D:5      | Learned a level 2 spell: Call Imp
  4849 | D:5      | Found a sparkling altar of Nemelex Xobeh.
  4852 | D:5      | Found a hazy altar of Hepliaklqana.
  4855 | D:5      | Found a glowing silver altar of Zin.
  4885 | D:6      | Reached * piety under Ashenzari
  4906 | D:6      | Reached skill level 1 in Spellcasting
  4906 | D:6      | Reached skill level 1 in Summonings
  4913 | D:6      | Noticed Pikel
  5260 | D:6      | Killed Pikel
  5260 | D:6      | Reached skill level 8 in Dodging
  5260 | D:6      | Reached XP level 8. HP: 41/65 MP: 8/11
  5417 | D:6      | Found a sand-covered staircase.
  5460 | Ossuary  | Entered an ossuary
  5701 | Ossuary  | Reached skill level 9 in Dodging
  5783 | Ossuary  | Reached XP level 9. HP: 61/72 MP: 12/14
  7134 | D:6      | Learned a level 2 spell: Blink
  7750 | D:7      | Reached skill level 10 in Dodging
  8046 | D:7      | Identified the +8 spear of Absolution {vamp, rF- MP+9 SInv}
  8063 | D:7      | Noticed HilariousDeathArtist's ghost (novice HOBr)
  8076 | D:7      | Identified the ring "Vuage" {MP+9 Str+2 Dex+2 Slay+3}
  8083 | D:7      | Found a transporter.
  8127 | D:7      | Found a transporter.
  8159 | D:7      | Found Appiur's Magic Scroll Boutique.
  8207 | D:7      | Reached skill level 5 in Summonings
  8227 | D:7      | Found Uxotoihu's Jewellery Shoppe.
  8555 | D:7      | Noticed Duvessa
  8565 | D:7      | Noticed Dowan
  8577 | D:7      | Killed Duvessa
  8581 | D:7      | Killed Dowan
  8581 | D:7      | Reached XP level 10. HP: 44/82 MP: 16/16
  9297 | D:7      | Reached skill level 11 in Dodging
  9437 | D:7      | Noticed Harold
  9469 | D:7      | Killed Harold
 10951 | D:6      | Reached ** piety under Ashenzari
 11670 | D:8      | Found Itru's Antique Armour Emporium.
 11688 | D:8      | Reached skill level 12 in Dodging
 11899 | D:8      | Reached skill level 1 in Shields
 11906 | D:8      | Reached skill level 10 in Fighting
 12189 | D:8      | Reached skill level 1 in Armour
 12334 | D:8      | Reached XP level 11. HP: 91/91 MP: 17/17
 12359 | D:8      | Found a staircase to the Lair.
 12698 | D:9      | Noticed Joseph
 13032 | D:9      | Killed Joseph
 13156 | D:9      | Found a shimmering altar of Xom.
 13244 | D:9      | Identified the ring of Adukku {rN+ Int+5 Dex+3}
 13245 | D:9      | Noticed a fire dragon
 13703 | Lair:1   | Entered Level 1 of the Lair of Beasts
 13884 | Lair:1   | Reached skill level 13 in Dodging
 13923 | Lair:1   | Found a blossoming altar of Fedhas.
 14294 | Lair:1   | Reached *** piety under Ashenzari
 14673 | Lair:1   | Reached skill level 14 in Dodging
 14679 | Lair:1   | Reached XP level 12. HP: 102/102 MP: 18/18
 15400 | Lair:2   | Reached skill level 15 in Dodging
 15615 | Lair:2   | Identified the +1 ring mail of Kihannej {Str+4}
 15735 | Lair:2   | Noticed a four-headed hydra
 15743 | Lair:2   | Killed a four-headed hydra
 16008 | Lair:3   | Reached **** piety under Ashenzari
 16540 | Lair:3   | Reached skill level 16 in Dodging
 16890 | Lair:4   | Found a gate leading to a gauntlet.
 16918 | Gauntlet | Entered a Gauntlet
 16918 | Gauntlet | Found a transporter.
 16918 | Gauntlet | Found a transporter.
 16918 | Gauntlet | Found a transporter.
 16918 | Gauntlet | Found a transporter.
 16923 | Gauntlet | Identified the amulet of Cheibriados's Favour {Faith rPois
                  | Dex+4}
 16923 | Gauntlet | Found a transporter.
 16925 | Gauntlet | Found a transporter.
 16927 | Gauntlet | Noticed a catoblepas
 16936 | Gauntlet | Found the +10 morningstar "Eos" {elec, Halo rElec}
 16936 | Gauntlet | Found a transporter.
 16940 | Gauntlet | Found a transporter.
 16944 | Gauntlet | Noticed a green death
 16955 | Gauntlet | Found a transporter.
 16955 | Gauntlet | Found a transporter.
 16966 | Gauntlet | Found a transporter.
 16969 | Gauntlet | Identified the ring "Vaomidgh" {*Drain rElec rPois rC-
                  | SInv}
 16982 | Gauntlet | Found a transporter.
 17063 | Gauntlet | Reached XP level 13. HP: 106/112 MP: 19/19
 17221 | Gauntlet | Noticed a minotaur
 17251 | Gauntlet | Killed a minotaur
 17507 | Lair:4   | Found a staircase to the Swamp.
 17836 | Lair:4   | Found a staircase to the Snake Pit.
 17995 | Lair:4   | Noticed Nergalle
 18024 | Lair:4   | Killed Nergalle
 18041 | Lair:4   | Reached skill level 5 in Throwing
 18094 | Lair:4   | Identified the +0 plate armour of Wisdom {rPois rF+ MR+
                  | Str-2}
 19061 | D:9      | Killed a fire dragon
 19201 | D:9      | Reached ***** piety under Ashenzari
 19770 | D:8      | Bought a pair of embroidered boots for 180 gold pieces
 19775 | D:8      | Identified a +1 pair of boots of running (You bought it in
                  | a shop on level 8 of the Dungeon)
 19969 | Lair:5   | Identified the amulet of Qazlal's Esteem {Faith Int+2 Dex+7
                  | Slay-2}
 20750 | Lair:6   | Entered Level 6 of the Lair of Beasts
 20902 | Lair:6   | Reached skill level 17 in Dodging
 21290 | Lair:6   | Reached XP level 14. HP: 121/121 MP: 20/20
 21392 | Lair:6   | Found a large runed translucent door.
 21484 | Lair:6   | Reached skill level 5 in Evocations
 21543 | Lair:6   | Reached skill level 5 in Armour
 21800 | Lair:6   | Found a large runed translucent door.
 22034 | Lair:6   | Found a viscous altar of Jiyva.
 22035 | Lair:6   | Found a staircase to the Slime Pits.
 22158 | Lair:6   | Reached skill level 15 in Fighting
 22587 | D:10     | Entered Level 10 of the Dungeon
 22742 | D:10     | Found a staircase to the Orcish Mines.
 22942 | D:10     | Reached ****** piety under Ashenzari
 23649 | Orc:1    | Entered Level 1 of the Orcish Mines
 23649 | Orc:1    | Noticed Erica
 23819 | D:10     | Killed Erica
 24200 | Orc:1    | Reached skill level 18 in Dodging
 24294 | Orc:2    | Entered Level 2 of the Orcish Mines
 24294 | Orc:2    | Found a staircase to the Elven Halls.
 24644 | Orc:2    | Reached skill level 1 in Translocations
 25908 | Orc:2    | Paralysed by an orc sorcerer for 3 turns
 26776 | Orc:2    | Reached XP level 15. HP: 107/129 MP: 22/22
 26989 | Orc:2    | Reached skill level 5 in Spellcasting
 27099 | Orc:2    | Found Istraucku's Book Shop.
 27099 | Orc:2    | Found Kuwudwy's Book Shop.
 27100 | Orc:2    | Found Issiutiu's Antique Armour Shop.
 27100 | Orc:2    | Found Cyotoukhi's Distillery.
 27135 | Orc:2    | Bought a distressingly furry kite shield for 313 gold
                  | pieces
 27135 | Orc:2    | Identified the +5 kite shield of Crawling {Dex+2} (You
                  | bought it in a shop on level 2 of the Orcish Mines)
 27143 | Orc:2    | Bought a runed helmet for 247 gold pieces
 27143 | Orc:2    | Bought a glowing helmet for 247 gold pieces
 27220 | Orc:2    | Bought a book of Frost for 490 gold pieces
 27228 | Orc:2    | Learned a level 3 spell: Frozen Ramparts
 27395 | D:11     | Reduced skill Summonings to level 5
 28053 | D:12     | Reached skill level 5 in Ice Magic
 28140 | D:12     | Noticed Rupert
 28143 | D:12     | Paralysed by Rupert for 5 turns
 28172 | D:12     | Killed Rupert
 28172 | D:12     | Reduced skill Summonings to level 1
 28222 | D:12     | Found Amiunuujio's General Store.
 28227 | D:12     | Bought the +7 Kryia's mail coat {PotionHeal*2 rC+} for 720
                  | gold pieces
 28227 | D:12     | Bought a scroll of remove curse for 36 gold pieces
 28227 | D:12     | Found the +7 Kryia's mail coat {PotionHeal*2 rC+}
 28367 | D:7      | Bought a scroll of remove curse for 42 gold pieces
 28367 | D:7      | Bought a scroll of remove curse for 42 gold pieces
 28367 | D:7      | Bought a scroll of blinking for 105 gold pieces
 28535 | D:12     | Found Jeas Akk's Assorted Antiques.
 28536 | D:12     | Noticed Erolcha
 28548 | D:12     | Killed Erolcha
 28650 | D:12     | Found Pusicoum's Assorted Antiques.
 28655 | D:12     | Bought a scroll labeled MYUN YFALAUMN for 25 gold pieces
 28729 | D:12     | Found Woggughuxis's Magic Scroll Shop.
 28747 | D:12     | Bought a scroll of remove curse for 36 gold pieces
 28848 | D:12     | Found Cuboucy's Antique Weapon Shop.
 30605 | D:14     | Found a gate to the Vaults.
 30651 | D:14     | Reached skill level 19 in Dodging
 31559 | D:15     | Entered Level 15 of the Dungeon
 31611 | D:15     | Reached XP level 16. HP: 139/139 MP: 25/25
 31620 | D:15     | Got the uncursed cloak of the Meadowlark {Regen+ rCorr
                  | Int+4}
 31626 | D:15     | Identified the +1 cloak of the Meadowlark {Regen+ rCorr
                  | Int+4} (You found it on level 15 of the Dungeon)
 32008 | D:15     | Found a staircase to the Depths.
 32896 | Swamp:1  | Entered Level 1 of the Swamp
 33222 | Swamp:1  | Noticed a thorn hunter
 33243 | Swamp:1  | Killed a thorn hunter
 33959 | Swamp:2  | Found a frozen archway.
 33969 | IceCv    | Entered an ice cave
 34584 | IceCv    | Identified the cursed +2 quarterstaff of Poget {drain, rF+
                  | Dex+4}
 35942 | Swamp:3  | Noticed Jorgrun
 35968 | Swamp:3  | Killed Jorgrun
 35968 | Swamp:3  | Reached skill level 20 in Dodging
 36224 | Swamp:3  | Reduced skill Polearms to level 5
 36243 | Swamp:3  | Reached XP level 17. HP: 147/147 MP: 29/29
 36288 | Swamp:3  | Reached skill level 10 in Ice Magic
 36384 | Swamp:3  | Noticed Kirke
 36396 | Swamp:3  | Found a runed translucent gate.
 36743 | Swamp:3  | Found a runed translucent gate.
 36848 | Swamp:3  | Reached skill level 5 in Axes
 36955 | Swamp:3  | Noticed Iruic's ghost (adept OgFi)
 36956 | Swamp:3  | Identified the +4 lajatang of the Baking Coward {antimagic,
                  | rF+}
 36956 | Swamp:3  | Found a runed translucent gate.
 37084 | Swamp:4  | Entered Level 4 of the Swamp
 37639 | Swamp:4  | Noticed Nikola
 37665 | Swamp:3  | Killed Nikola
 38273 | Swamp:4  | Got a decaying rune of Zot
 38620 | Snake:1  | Entered Level 1 of the Snake Pit
 39601 | Snake:1  | Reached XP level 18. HP: 151/156 MP: 28/31
 40909 | Snake:2  | Noticed Aizul
 40919 | Snake:2  | Killed Aizul
 41284 | Snake:3  | Found a frozen archway.
 41323 | Snake:3  | Found Nueps's Weapon Shop.
 41324 | Snake:3  | Found Wiutwodox's Distillery.
 41343 | Snake:3  | Bought a potion of heal wounds for 70 gold pieces
 41343 | Snake:3  | Bought a potion of heal wounds for 70 gold pieces
 41520 | Snake:3  | Identified Roxanne's Catalogue of Transmutation
 41520 | Snake:3  | Noticed Roxanne
 41560 | Snake:3  | Killed Roxanne
 41560 | Snake:3  | Reached skill level 21 in Dodging
 41964 | Snake:4  | Entered Level 4 of the Snake Pit
 42757 | Snake:4  | Reached skill level 10 in Axes
 42780 | Snake:4  | Reached XP level 19. HP: 150/164 MP: 21/32
 42939 | Snake:4  | Got a serpentine rune of Zot
 43368 | Snake:4  | Found Addixaz's Gadget Shop.
 44314 | Vaults:1 | Entered Level 1 of the Vaults
 44451 | Vaults:1 | Learned a level 3 spell: Ozocubu's Armour
 44562 | Vaults:1 | Paralysed by an ogre mage for 6 turns
 46462 | Vaults:2 | Reached skill level 22 in Dodging
 46629 | Vaults:2 | Reached XP level 20. HP: 170/174 MP: 30/33
 46713 | Vaults:2 | Identified the +2 chain mail "Osuthreli" {rCorr}
 47064 | Vaults:2 | Found a staircase to the Crypt.
 47670 | Vaults:2 | Found Seomm's Gadget Shoppe.
 47890 | Vaults:3 | Noticed Sojobo
 47937 | Vaults:3 | Killed Sojobo
 48335 | Vaults:3 | Reached XP level 21. HP: 153/182 MP: 7/34
 49299 | Vaults:3 | Reached skill level 23 in Dodging
 50506 | Vaults:4 | Noticed Bai Suzhen
 50534 | Vaults:4 | Killed Bai Suzhen
 51055 | Vaults:4 | Reached skill level 10 in Armour
 51058 | Vaults:4 | Found Vueh's Antique Weapon Boutique.
 51502 | Vaults:4 | Reached XP level 22. HP: 191/191 MP: 35/35
 51706 | Vaults:5 | Entered Level 5 of the Vaults
 51706 | Vaults:5 | Identified the cursed +3 rapier of Reason {drain, +Rage
                  | rPois rF+ Str-4}
 52032 | Depths:1 | Entered Level 1 of the Depths
 52638 | Depths:1 | Identified the +10 rapier "Killer Bee's Foe" {holy, *Contam
                  | rF+ Str+6}
 52965 | Depths:1 | Found a gateway to Hell.
 53510 | Orc:2    | Bought a book of Annihilations for 1435 gold pieces
 53520 | Orc:2    | Learned a level 9 spell: Absolute Zero
 53845 | Depths:2 | Found Ocaw's Gadget Emporium.
 53846 | Depths:2 | Found Eboethrou's Jewellery Boutique.
 53847 | Depths:2 | Found Paos's Gadget Emporium.
 53872 | Depths:2 | Reached skill level 15 in Axes
 54371 | Depths:2 | Reached skill level 24 in Dodging
 55103 | Depths:3 | Reached XP level 23. HP: 174/198 MP: 30/36
 55607 | Depths:3 | Identified a scroll of acquirement
 55607 | Depths:3 | Acquired a cursed +1 pair of gloves of dexterity
 55656 | Depths:3 | Found a one-way gate leading to the halls of Pandemonium.
 55937 | Depths:3 | Noticed an ancient lich
 55945 | Depths:3 | Noticed an ancient lich
 55954 | Depths:3 | Killed an ancient lich
 55974 | Depths:3 | Killed an ancient lich
 56232 | Depths:3 | Found the +6 Majin-Bo {vamp, MP+6 Int+6}
 56713 | Depths:4 | Noticed a golden dragon
 56725 | Depths:4 | Killed a golden dragon
 56839 | Depths:4 | Noticed Frederick
 56858 | Depths:4 | Killed Frederick
 56858 | Depths:4 | Reached skill level 25 in Dodging
 56876 | Depths:4 | Cast into level 2 of the Abyss (a wizard)
 56876 | Abyss:2  | Found a corrupted altar of Lugonu.
 56919 | Depths:4 | Escaped the Abyss
 57058 | Depths:4 | Identified the Papyrus of Captivating Contamination
 57149 | Depths:4 | Found a one-way gate to the infinite horrors of the Abyss.
 58157 | Depths:4 | Identified the +11 morningstar "Kubyin" {antimagic, Dex+4}
 58553 | Depths:5 | Entered Level 5 of the Depths
 58553 | Depths:5 | Found a gateway to a ziggurat.
 58567 | Depths:5 | Reached XP level 24. HP: 208/208 MP: 36/36
 58579 | Depths:5 | Paralysed by a great orb of eyes for 7 turns
 58659 | Depths:5 | Found Viup's Assorted Antiques.
 58813 | Depths:5 | Found a gate to the Realm of Zot.
 58984 | Depths:5 | Found a runed translucent door.
 59060 | Depths:5 | Noticed Zeph's ghost (adept NaFi)
 59061 | Depths:5 | Identified the cursed +1 ring mail "Durghitugh" {Harm rN+
                  | Regen+ Dex+4}
 59608 | Depths:5 | Killed Zeph's ghost
 59620 | Depths:5 | Found a runed translucent door.
 59623 | Depths:5 | Noticed Worod's ghost (veteran FoFi)
 59646 | Depths:5 | Killed Worod's ghost
 59660 | Depths:5 | Found a runed translucent door.
 59660 | Depths:5 | Noticed timneilson's ghost (veteran GrFi)
 59847 | Depths:5 | Killed timneilson's ghost
 60405 | Vaults:5 | Reached skill level 5 in Shields
 60654 | Vaults:5 | Paralysed by a sphinx for 3 turns
 60661 | Vaults:5 | Reached skill level 10 in Evocations
 60663 | Vaults:5 | Reached XP level 25. HP: 171/217 MP: 17/36
 61224 | Vaults:5 | Identified the +0 scale mail "Heeroc" {SInv}
 61234 | Vaults:4 | Gained mutation: You are clumsy. (Dex -2) [a cacodemon]
 61609 | Vaults:5 | Identified the +6 chain mail of Death's Door {rElec MR+++
                  | Int-2 SInv}
 62071 | Vaults:5 | Got a silver rune of Zot
 62759 | Elf:1    | Entered Level 1 of the Elven Halls
 62835 | Elf:1    | Found Quhun's Weapon Shoppe.
 63092 | Elf:1    | Reached skill level 10 in Shields
 63284 | Elf:1    | Found a portal to a secret trove of treasure.
 63546 | Elf:2    | Found an ancient bone altar of Kikubaaqudgha.
 63562 | Elf:2    | Acquired a cursed +2 pair of gloves of strength
 63651 | Elf:2    | Found Junwiton's Assorted Antiques.
 63660 | Elf:2    | Bought a warped brass ring for 170 gold pieces
 63660 | Elf:2    | Identified the ring of Udypydad {Ice rN+ Dex-4 SInv Stlth+}
                  | (You bought it in a shop on level 2 of the Elven Halls)
 63897 | Elf:2    | Found a huge runed translucent gate.
 63897 | Elf:2    | Found a huge runed translucent gate.
 63897 | Elf:2    | Found a huge runed translucent gate.
 64025 | Elf:2    | Found a huge runed translucent gate.
 64025 | Elf:2    | Found a huge runed translucent gate.
 64051 | Elf:3    | Entered Level 3 of the Elven Halls
 64596 | Elf:3    | Reached XP level 26. HP: 116/224 MP: 24/36
 64887 | Elf:3    | Identified the +0 ring mail "Aqeag Kesmia" {+Inv +Fly rN+
                  | Dex-4}
 64952 | Elf:3    | Identified the Incunabulum of Shifting Contamination
 64953 | Elf:3    | Identified the cursed +1 great mace "Tiuzu" {drain, +Inv
                  | MR+ Int+2}
 64972 | Elf:3    | Identified the +7 trident of Red Wine {vorpal, rElec rF+
                  | Dex+2}
 65145 | Elf:3    | Identified the Almanac of the Aerial Snowflakes
 65502 | Zot:1    | Entered Level 1 of the Realm of Zot
 65502 | Zot:1    | Identified the cursed +2 falchion of Bread {vorpal, +Inv
                  | +Fly Stlth+}
 65896 | Depths:2 | Bought the amulet "Qopneseu" {Reflect rF+ Str+3 SH+5} for
                  | 1106 gold pieces
 67687 | Zot:3    | Reached XP level 27. HP: 231/237 MP: 36/36
 68083 | Zot:3    | Reached skill level 10 in Throwing
 68292 | Zot:3    | Identified the Grimoire of Dark Magic and Transmutation
 69114 | Zot:3    | Learned a level 2 spell: Passwall
 69291 | Zot:4    | Noticed an orb of fire
 69309 | Zot:4    | Gained mutation: Scrolls take you a little longer to read.
                  | [an orb of fire]
 69622 | Zot:3    | Lost mutation: You are clumsy. (Dex -2) [potion of
                  | mutation]
 69622 | Zot:3    | Gained mutation: Your spells are a little harder to cast,
                  | but a little more powerful. [potion of mutation]
 69622 | Zot:3    | Gained mutation: You are somewhat resistant to further
                  | mutation. [potion of mutation]
 69623 | Zot:3    | Lost mutation: You are somewhat resistant to further
                  | mutation. [potion of mutation]
 69623 | Zot:3    | Lost mutation: Scrolls take you a little longer to read.
                  | [potion of mutation]
 69623 | Zot:3    | Lost mutation: Your spells are a little harder to cast, but
                  | a little more powerful. [potion of mutation]
 69623 | Zot:3    | Gained mutation: Scrolls take you a little longer to read.
                  | [potion of mutation]
 69623 | Zot:3    | Gained mutation: Scrolls take you longer to read. [potion
                  | of mutation]
 69623 | Zot:3    | Gained mutation: You are resistant to hostile enchantments.
                  | (MR+) [potion of mutation]
 69624 | Zot:3    | Lost mutation: You are resistant to hostile enchantments.
                  | (MR+) [potion of mutation]
 69624 | Zot:3    | Lost mutation: Scrolls take you longer to read. [potion of
                  | mutation]
 69624 | Zot:3    | Lost mutation: Scrolls take you a little longer to read.
                  | [potion of mutation]
 69624 | Zot:3    | Gained mutation: You are covered in fur. (AC +1) [potion of
                  | mutation]
 69624 | Zot:3    | Gained mutation: You can translocate small distances at
                  | will. [potion of mutation]
 69624 | Zot:3    | Gained mutation: Armour fits poorly on your strangely
                  | shaped body. [potion of mutation]
 69624 | Zot:3    | Gained mutation: Your flesh is heat resistant. (rF+)
                  | [potion of mutation]
 69626 | Zot:4    | Gained mutation: Your body sometimes deteriorates upon
                  | taking damage. [an orb of fire]
 69631 | Zot:4    | Gained mutation: You are clumsy. (Dex -2) [an orb of fire]
 69633 | Zot:4    | Killed an orb of fire
 69862 | Zot:4    | Found the +2 ratskin cloak {*Rats rPois rN+ Str-1 Int-1
                  | Dex+1}
 70547 | Zot:4    | Identified the +2 buckler "Niettyta" {*Drain rPois rC+
                  | Str+4}
 70904 | Zot:5    | Entered Level 5 of the Realm of Zot
 71393 | Zot:5    | Identified the Incunabulum of Dusty Flight
 71936 | Zot:5    | Noticed an ancient lich
 71945 | Zot:5    | Killed an ancient lich
 71986 | Zot:5    | Noticed an orb of fire
 72005 | Zot:5    | Noticed an orb of fire
 72006 | Zot:5    | Noticed an ancient lich
 72046 | Zot:5    | Killed an orb of fire
 72046 | Zot:5    | Reached skill level 26 in Dodging
 72057 | Zot:5    | Killed an orb of fire
 72189 | Zot:5    | Reached skill level 15 in Throwing
 72219 | Zot:5    | Killed an ancient lich
 72544 | Zot:5    | Noticed an orb of fire
 72574 | Zot:5    | Killed an orb of fire
 73366 | Zot:5    | Noticed a juggernaut
 73366 | Zot:5    | a Killer Klown changed into a juggernaut
 73389 | Zot:5    | Killed a juggernaut
 73389 | Zot:5    | Reached skill level 27 in Dodging
 73408 | Zot:5    | Got the Orb of Zot
 73677 | D:14     | Noticed Nokil the pandemonium lord
 73958 | D:$      | Escaped with the Orb!

Illustrated notes

Levels and vault maps discovered:
D:1:      tarquinn_simple_flora_water_e, layout_loops_cross
D:2:      layout_basic, grunt_temple_overflow_magic_moments, skrybe_limestone_x
D:3:      layout_loops_ring
D:4:      layout_loops_ring, minmay_temple_entry_junction, minmay_ruined_shrine
D:5:      layout_basic, grunt_temple_overflow_diamond
D:6:      layout_cave_pods, nicolae_ossuary_entry_plus, uniq_pikel
D:7:      layout_cave_pools, serial_gnoll_camp, gnoll_camp_mini_basic,
          gnoll_camp_mini_hut, gnoll_camp_huts_basic, gnoll_camp_mini_shop,
          gammafunk_ghost_gnarly_gnolls, serial_shops, shop, uniq_harold,
          uniq_duvessa
D:8:      layout_basic, dpeg_oklobed_lair, serial_shops, shop, serial_ice,
          serial_ice_e, serial_ice_m, serial_ice_h, serial_ice_l, serial_ice_a,
          minivault_14
D:9:      layout_rooms, brannock_xom_greatest_gift, uniq_joseph
D:10:     layout_loops_corners, david_orc_2
D:11:     layout_basic, corexii_corridor_pit
D:12:     layout_roguey, serial_shops, nicolae_shop_crystal, kennysheep_mini,
          shop_fountains, nicolae_shop_trees, shop, uniq_erolcha, uniq_rupert
D:13:     layout_long_grid
D:14:     layout_stronghold, grunt_vaults_entry_tiered, kennysheep_minor_cross,
          serial_column_ruins, column_ruins_square_large,
          column_ruins_columns_straight, column_ruins_columns_corner,
          column_ruins_open_small, column_ruins_open_small,
          column_ruins_corridor_T, column_ruins_grid_3, nicolae_lava_and_water
D:15:     gammafunk_enter_depths_forms, layout_irregular_city, minivault_26
Temple:   nicolae_temple_elliptical
Lair:1:   layout_roguey [special_room_bee], basic_altar
Lair:2:   layout_concentric_octagons
Lair:3:   layout_hall_layers, infiniplex_staircase_pool, lemuel_fruit_fields,
          grunt_megastairs_4
Lair:4:   layout_small_grid, minmay_swamp_entry_eels,
          guppyfry_snake_entry_garden, gauntlet_entry_generic, uniq_nergalle
Lair:5:   layout_gridlike, minivault_27, columned_hall_lemuel
Lair:6:   cheibrodos_lair_end_hotspot, layout_regular_city, slime_altar_1,
          guppyfry_lair_drakes
Swamp:1:  layout_basic_swamp, hangedman_swamp_lotus, swamp_pool4
Swamp:2:  layout_basic_swamp, portal_ice_cave_entry_pillars_1,
          nicolae_swamp_fairy_circle, infiniplex_staircase_pool_2
Swamp:3:  layout_basic_swamp, gammafunk_ghost_hydra_chop,
          evilmike_swamp_ruin_house_4, uniq_jorgrun, uniq_kirke
Swamp:4:  swamp_fiery, layout_basic_swamp, uniq_nikola
Snake:1:  layout_basic, lemuel_fruit_tree, grunt_megastairs_2
Snake:2:  layout_layer_cave, abandoned_shop, st_stairs_4, uniq_aizul
Snake:3:  layout_misc_corridors, portal_ice_cave_entry_pillars_2,
          minmay_shoptagon, uniq_roxanne
Snake:4:  grunt_snake_rune_pools, layout_grid_maze, serial_shops, shop
Orc:1:    layout_caves, uniq_erica
Orc:2:    st_orc_pillars, layout_caves
Elf:1:    eino_elf_arrival_shootout, layout_gridlike,
          nicolae_trove_entry_path_of_doom, serial_shops, shop, minivault_28
Elf:2:    layout_geoelf_grid, basic_altar, serial_shops, shop, uniq_agnes
Elf:3:    grunt_elf_hall_asides, layout_gridlike, roderic_lattice_octagonal_star
Vaults:1: nicolae_vaults_stairing_the_circle, vaults_room_pools,
          nicolae_vaults_halls_meeting, nicolae_vaults_little_squares_1,
          nicolae_vaults_little_ls, nicolae_vaults_asterisk, v_misc_16,
          ontoclasm_vaults_eye, ontoclasm_vaults_twist,
          nicolae_vaults_three_branches, grunt_vaults_funnel,
          vaults_mumra_chevron, layout_vaults_omnigrid
Vaults:2: v_misc_22, minmay_crypt_entry_skeletal_spiral,
          hangedman_vaults_variations, v_pattern_2,
          vaults_mumra_minichess_inversion, vaults_room_pools,
          vaults_dpeg_doors, vaults_mumra_hexcomb, hangedman_vaults_cutoff,
          nicolae_vaults_border_crossing, nicolae_vaults_little_squares_4,
          layout_vaults_omnibox, serial_shops, shop
Vaults:3: st_greater_box_2, vaults_mumra_lcd, nicolae_vaults_twisting_passages,
          hangedman_vaults_impose, nicolae_vaults_big_ls, grunt_vaults_twisty,
          nicolae_vaults_little_squares_1, dpeg_vaults_monster_row, v_misc_13,
          vaults_room_pools, vaults_dpeg_hooks,
          nicolae_vaults_mini_display_case, layout_vaults_big_cross, uniq_sojobo
Vaults:4: nicolae_vaults_display_case, nicolae_vaults_hallways_thing,
          nicolae_vaults_little_squares_6, nicolae_vaults_little_squares_2,
          vaults_room_ringed_pool, ontoclasm_vaults_fault,
          ontoclasm_vaults_loading_screen, v_pattern_5, v_misc_10,
          nicolae_vaults_little_squares_5, nicolae_vaults_little_squares_1,
          v_misc_22, vaults_room_fours, layout_vaults_big_room, serial_shops,
          shop, uniq_bai_suzhen
Vaults:5: serial_shops
Depths:1: layout_honeycomb, minmay_misc_feat_iff, hell_entry,
          nicolae_two_hexagons, ice2_lemuel
Depths:2: kennysheep_windowed_halls, layout_cave_pools, hell_entry,
          minmay_fountain_box, minmay_misc_feat_plants,
          hangedman_stitches_earthworm, infiniplex_staircase_zigzag_1,
          minmay_shop_grove
Depths:3: minmay_guarded_unrand_majin_bo, layout_long_grid,
          hangedman_coc_ice_floe, minmay_misc_feat_cross, pan_entry,
          lightli_corner_chamber, infiniplex_staircase_hallway_doors,
          serial_bayou_shore_b
Depths:4: wad_mega_maze, layout_basic, special_room [special_room_magic_class],
          pf_hell_entry_tar_river, hangedman_abyss_entry_splay,
          kennysheep_doodads, infiniplex_staircase_diamond, serial_bayou_shore_b
Depths:5: grunt_zot_entry_bicorn, layout_cross, enter_ziggurat_d, hell_entry,
          abyss_entry_glasseish, bh_walls_and_bars,
          muffindrake_ghost_three_little_ghosts, serial_shops,
          nicolae_shop_overgrown_old_shop
Zot:1:    layout_misc_corridors, zot_minivault_5
Zot:2:    layout_twisted_circle
Zot:3:    layout_cathedral_of_symmetry, zot_minivault_1
Zot:4:    layout_cathedral_of_symmetry
Zot:5:    layout_concentric_octagons, grunt_ministairs_10

Skill      XL: |  1  2  3  4  5  6  7  8  9 10 11 12 13 14 15 16 17 18 19 20 21 22 23 24 25 26 27 |
---------------+----------------------------------------------------------------------------------+-----
Polearms       | 5 6 7 9 4 |  4.8
Fighting       | 3 4 5 6 7 8 10 11 13 14 15 16 17 18 19 20 21 22 23 26 | 26.0
Dodging        | 5 6 8 9 10 12 14 16 17 18 19 20 21 22 23 24 25 27 | 27.0
Evocations     | 1 4 6 8 9 10 11 | 11.1
Spellcasting   | 2 3 4 6 8 9 |  9.6
Summonings     | 2 3 5 6 1 |  1.0
Shields        | 2 6 11 12 | 12.3
Armour         | 1 3 4 6 7 8 9 10 11 13 14 | 14.2
Throwing       | 3 5 7 16 | 16.1
Translocations | 2 3 |  3.0
Ice Magic      | 7 9 10 11 13 14 | 14.6
Axes           | 4 7 10 11 13 14 15 16 | 16.0

Action                   |  1- 3 |  4- 6 |  7- 9 | 10-12 | 13-15 | 16-18 | 19-21 | 22-24 | 25-27 || total
-------------------------+-------+-------+-------+-------+-------+-------+-------+-------+-------++-------
Melee: Trident           |   130 |   117 |       |       |       |       |       |       |       ||   247
       War axe           |       |    42 |       |       |       |       |       |       |       ||    42
       Dagger            |       |    53 |   371 |   144 |       |       |       |       |       ||   568
       Spear             |       |       |       |   873 |  2597 |   978 |       |       |       ||  4448
       Tailslap          |       |       |       |     4 |     1 |    94 |    18 |     9 |       ||   126
       Broad axe         |       |       |       |       |       |   905 |  1485 |  1441 |  2332 ||  6163
       Unarmed           |       |       |       |       |       |       |       |       |     4 ||     4
Throw: Dart              |       |       |     1 |       |    16 |       |       |       |    16 ||    33
       Throwing net      |       |       |       |     2 |     2 |     4 |       |       |     5 ||    13
       Javelin           |       |       |       |     4 |       |     2 |       |       |    51 ||    57
 Cast: Call Imp          |       |       |       |       |     1 |       |       |       |       ||     1
       Frozen Ramparts   |       |       |       |       |       |    34 |    50 |    38 |     7 ||   129
       Blink             |       |       |       |       |       |     1 |     2 |       |       ||     3
       Ozocubu's Armour  |       |       |       |       |       |       |     1 |       |       ||     1
Invok: Curse Item        |       |       |     3 |     5 |     4 |     1 |       |       |     5 ||    18
       Transfer Knowledg |       |       |       |       |     1 |     1 |       |       |       ||     2
       Scrying           |       |       |       |       |       |       |       |       |     4 ||     4
Evoke: Wand              |       |       |       |       |       |    41 |     1 |       |     3 ||    45
       Condenser vane    |       |       |       |       |       |     3 |     4 |     5 |     6 ||    18
  Use: Scroll            |       |     5 |       |    20 |    12 |     9 |     2 |     7 |     8 ||    63
       Potion            |       |       |       |     2 |     1 |     4 |     1 |     3 |    13 ||    24
 Stab: Held in net/web   |       |       |       |       |     2 |     1 |       |       |       ||     3
       Petrified         |       |       |       |       |     1 |       |       |       |       ||     1
       Confused          |       |       |       |       |     1 |     2 |       |       |     2 ||     5
       Distracted        |       |       |       |       |     1 |       |       |       |       ||     1
Armor: Leather armour    |     8 |       |       |       |       |       |       |       |       ||     8
       Ring mail         |    17 |       |       |       |       |       |       |       |       ||    17
       Scale mail        |     1 |    74 |   104 |    18 |    71 |   501 |   264 |   323 |    20 ||  1376
       Chain mail        |       |       |       |   183 |   364 |       |       |       |   399 ||   946
Dodge: Dodged            |    76 |   126 |   244 |   409 |   982 |  1643 |  1013 |  1050 |  1092 ||  6635
Block: Buckler           |       |       |       |   210 |   397 |       |       |       |       ||   607
       Kite shield       |       |       |       |       |   343 |  1409 |  1050 |   991 |  1843 ||  5636
       Reflection        |       |       |       |       |       |       |       |       |    18 ||    18

Table legend: (Time is in decaauts)
 A = Elapsed time spent in this place.
 B = Non-inter-level travel time spent in this place.
 C = Inter-level travel time spent in this place.
 D = Time resting spent in this place.
 E = Time spent auto-exploring this place.
 F = Levels seen in this place.
 G = Mean time per level.
                   A        B        C        D        E       F      G
               +--------+--------+--------+--------+--------+-----+--------+
         Total |  68084 |  62672 |   5412 |  14774 |  30077 |  54 | 1260.8 |
       Dungeon |  19379 |  17149 |   2230 |   4897 |   8496 |  15 | 1291.9 |
        Temple |    194 |    183 |     11 |      0 |    162 |   1 |  194.0 |
          Lair |   7346 |   6490 |    856 |    527 |   4679 |   6 | 1224.3 |
         Swamp |   4069 |   3808 |    261 |   1421 |   1291 |   4 | 1017.2 |
     Snake Pit |   5260 |   5123 |    137 |    528 |   3205 |   4 | 1315.0 |
  Orcish Mines |   3259 |   3004 |    255 |   1290 |    886 |   2 | 1629.5 |
   Elven Halls |   2233 |   2090 |    143 |    166 |    878 |   3 |  744.3 |
        Vaults |   9420 |   8732 |    688 |   2099 |   3765 |   5 | 1884.0 |
        Depths |   7180 |   6594 |    586 |    472 |   4095 |   5 | 1436.0 |
           Zot |   6990 |   6749 |    241 |   1769 |   2492 |   5 | 1398.0 |
         Abyss |     38 |     38 |      0 |      0 |      0 |   1 |   38.0 |
       Ossuary |   1658 |   1658 |      0 |   1270 |     20 |   1 | 1658.0 |
      Ice Cave |    524 |    524 |      0 |     82 |    105 |   1 |  524.0 |
      Gauntlet |    527 |    527 |      0 |    251 |      0 |   1 |  527.0 |
               +--------+--------+--------+--------+--------+-----+--------+

Top non-repeatable levels by time:
     D:6: 2614 daAuts
Vaults:3: 2435 daAuts
     D:7: 2317 daAuts
Vaults:4: 2292 daAuts
Vaults:1: 2201 daAuts
   Zot:5: 2132 daAuts
     D:8: 2069 daAuts
 Snake:4: 2012 daAuts
   Orc:2: 1859 daAuts
Depths:4: 1822 daAuts
    D:14: 1797 daAuts
   Zot:3: 1727 daAuts
 Ossuary: 1658 daAuts
  Lair:4: 1587 daAuts
Vaults:2: 1507 daAuts
